Los Angeles Kings vs San Jose Sharks
Created - Sunday, February 4, 2024 at 08:40
Goals
|
| Los Angeles Kings |
0 |
2 |
2 |
4 |
| San Jose Sharks |
1 |
0 |
2 |
3 |
|
Shots
|
| Los Angeles Kings |
7 |
16 |
10 |
33 |
| San Jose Sharks |
15 |
11 |
17 |
43 |
|
1st period
1. San Jose Sharks , William Karlsson 2 (Christian Dvorak 2, Ivan Barbashev 2) at 7:26 (PP)
Penalties :
Marco Rossi (LAK) for Tripping (Minor) at 1:09, Andrei Svechnikov (LAK) for Hooking (Minor) at 7:13, Erik Brannstrom (LAK) for Charging (Minor) at 9:41
2nd period
2. Los Angeles Kings , Ryan Reaves 1 (Cooper Marody 1, Marco Rossi 1) at 5:56
3. Los Angeles Kings , Seth Jarvis 2 (Trent Frederic 1, Noah Dobson 2) at 15:24
Penalties :
Andrei Svechnikov (LAK) for Hooking (Minor) at 8:05, Andrei Svechnikov (LAK) for Roughing (Double Minor) at 18:39
3rd period
4. San Jose Sharks , Valeri Nichushkin 2 (Christopher Tanev 2, Adam Henrique 2) at 6:04 (PP)
5. Los Angeles Kings , Nicklas Backstrom 2 (Andrei Svechnikov 3, Andrei Kuzmenko 3) at 6:34
6. San Jose Sharks , Ryan Hartman 1 (Christian Dvorak 3) at 14:23
7. Los Angeles Kings , Seth Jarvis 3 (K'Andre Miller 1, John Gibson) at 15:13
Penalties :
Ryan Reaves (LAK) for Holding (Minor) at 5:54, Alexander Romanov (LAK) for Elbowing (Minor) at 9:50, Ivan Barbashev (SJS) for Cross-checking (Minor) at 10:10, John Hayden (SJS) for Roughing (Minor) at 17:53
Goalie Stats
John Gibson (LAK), 40 saves from 43 shots - (0.930), W, 2-0-0, 60:00 minutes
Ilya Samsonov (SJS), 29 saves from 33 shots - (0.879), L, 1-1-1, 60:00 minutes
Players Stats for Los Angeles Kings
Player Name G A P +/- PIM S H SB GA TA FO MP PP MP PK MP
------------------------------------------------------------------------------------
Alexander Radulov 0 0 0 0 0 0 0 1 0 0 0/0 11:47 0:00 0:00
Alexander Romanov 0 0 0 1 2 1 1 2 0 2 0/0 22:53 1:22 4:59
Andrei Kuzmenko 0 1 1 1 0 2 3 1 0 0 0/3 19:11 0:52 4:58
Andrei Svechnikov 0 1 1 1 8 5 2 2 0 0 0/4 16:15 0:52 2:05
Cole Perfetti 0 0 0 0 0 2 0 0 0 0 5/11 14:12 0:00 2:21
Cooper Marody 0 1 1 1 0 0 1 0 0 0 2/3 7:58 0:00 0:00
Erik Brannstrom 0 0 0 0 2 0 0 1 1 2 0/0 13:22 0:10 0:00
Joshua Brown 0 0 0 0 0 1 2 2 0 1 0/0 13:46 0:00 0:00
K'Andre Miller 0 1 1 1 0 1 2 4 0 0 0/0 23:57 1:22 4:59
Marco Rossi 0 1 1 1 2 0 0 0 0 0 1/1 8:30 0:10 0:00
Nicklas Backstrom 1 0 1 1 0 3 3 0 0 0 11/21 18:36 1:02 4:40
Noah Dobson 0 1 1 2 0 4 0 1 1 1 0/0 23:07 0:57 5:40
Owen Power 0 0 0 2 0 0 0 0 0 0 0/0 23:07 0:57 5:40
Peyton Krebs 0 0 0 1 0 2 2 0 0 0 9/22 16:50 1:17 2:04
Ryan Reaves 1 0 1 1 2 1 3 0 0 0 0/0 7:57 0:00 0:00
Seth Jarvis 2 0 2 1 0 6 0 0 0 0 0/3 19:32 1:17 4:40
Trent Frederic 0 1 1 1 0 3 0 0 0 0 0/1 14:18 1:17 0:00
Vitali Kravtsov 0 0 0 0 0 2 0 1 0 1 0/2 12:17 0:00 0:30
Players Stats for San Jose Sharks
Player Name G A P +/- PIM S H SB GA TA FO MP PP MP PK MP
------------------------------------------------------------------------------------
Adam Henrique 0 1 1 -2 0 5 0 1 0 0 18/23 20:48 5:12 1:25
Andreas Athanasiou 0 0 0 0 0 0 0 0 0 0 0/0 7:29 0:00 0:05
Anthony Deangelo 0 0 0 0 0 1 1 0 0 0 0/0 11:18 0:00 0:00
Christian Dvorak 0 2 2 -2 0 3 0 0 0 0 2/2 18:55 5:27 0:05
Christopher Tanev 0 1 1 -1 0 0 3 1 0 0 0/0 21:48 5:30 1:09
Connor Murphy 0 0 0 -1 0 3 0 1 0 0 0/0 21:48 5:30 1:09
Derek Forbort 0 0 0 -2 0 3 5 1 0 0 0/0 26:54 5:09 1:10
Dylan Strome 0 0 0 -1 0 1 0 1 2 0 1/1 19:50 5:12 0:49
Ilya Mikheyev 0 0 0 0 0 1 2 1 1 0 0/1 11:47 0:00 0:00
Ivan Barbashev 0 1 1 -2 2 7 0 0 3 0 0/1 18:49 5:26 0:00
Jack Roslovic 0 0 0 0 0 0 0 1 0 0 0/1 11:47 0:00 0:00
John Hayden 0 0 0 0 2 0 2 0 0 0 2/4 7:10 0:00 0:00
Ryan Hartman 1 0 1 0 0 3 0 0 0 0 2/9 11:47 0:00 0:00
Simon Nemec 0 0 0 0 0 0 0 0 0 0 0/0 11:18 0:00 0:00
Valeri Nichushkin 1 0 1 -1 0 8 1 2 1 0 3/4 20:38 5:12 1:25
Victor Olofsson 0 0 0 0 0 1 1 0 0 1 0/0 7:04 0:00 0:00
William Karlsson 1 0 1 -1 0 3 0 1 0 0 15/25 19:56 5:27 0:49
Zachary Werenski 0 0 0 -2 0 4 1 0 0 1 0/0 26:54 5:09 1:10
3 Stars
1 - Seth Jarvis (LAK)
2 - Nicklas Backstrom (LAK)
3 - John Gibson (LAK)
Power Play
Los Angeles Kings - 0 on 2 Attempt(s) - 0.00%
San Jose Sharks - 2 on 8 Attempt(s) - 25.00%
Penalty Kill
Los Angeles Kings - 6 on 8 Attempt(s) - 75.00%
- Score 0 goal in Penalty Kill
San Jose Sharks - 2 on 2 Attempt(s) - 100.00%
- Score 0 goal in Penalty Kill
Team Stat
Los Angeles Kings - Hits : 19 - Faceoff Wins : 28 - Blocked Shots : 15 - Penalty Minutes : 16
San Jose Sharks - Hits : 16 - Faceoff Wins : 43 - Blocked Shots : 10 - Penalty Minutes : 4
Official
Referees : Tom Chmielewski and Wes McCauley
Linesman : Scott Cherrey and Mike Cvik
Game Notes
No Game Note
Finance
Level 1 -- Attendance: 6000 (100.00%) -- Ticket Income $582,000
Level 2 -- Attendance: 5000 (100.00%) -- Ticket Income $285,000
Level 3 -- Attendance: 3000 (100.00%) -- Ticket Income $99,000
Level 4 -- Attendance: 4464 (89.28%) -- Ticket Income $98,208
Luxury Box -- Attendance: 898 (89.80%) -- Ticket Income $173,314
Game was played at the SAP Center at San Jose.
Total Attendance: 19362 (96.81%)
Total Ticket Income: $1,237,522
Other Income: $433,133
Total Income: $1,670,655
Los Angeles Kings
5 vs 5 Forward
Center Left Wing Right Wing Time % Phy DF OF
1 Nicklas Backstrom Andrei Svechnikov Andrei Kuzmenko 30 1 2 2
2 Peyton Krebs Trent Frederic Seth Jarvis 30 1 2 2
3 Cole Perfetti Vitali Kravtsov Alexander Radulov 25 1 2 2
4 Cooper Marody Marco Rossi Ryan Reaves 15 1 2 2
5 vs 5 Defense
Defense Defense Time % Phy DF OF
1 K'Andre Miller Alexander Romanov 35 1 2 2
2 Noah Dobson Owen Power 35 1 2 2
3 Joshua Brown Erik Brannstrom 30 1 2 2
4 K'Andre Miller Alexander Romanov 0 1 2 2
PowerPlay Forward
Center Left Wing Right Wing Time % Phy DF OF
1 Nicklas Backstrom Andrei Svechnikov Andrei Kuzmenko 50 1 2 2
2 Peyton Krebs Trent Frederic Seth Jarvis 50 1 2 2
PowerPlay Defense
Defense Defense Time % Phy DF OF
1 K'Andre Miller Alexander Romanov 50 1 2 2
2 Noah Dobson Owen Power 50 1 2 2
Penalty Kill 4 Players Forward
Center Wing Time % Phy DF OF
1 Andrei Svechnikov Andrei Kuzmenko 50 1 2 2
2 Nicklas Backstrom Seth Jarvis 50 1 2 2
Penalty Kill 4 Players Defense
Defense Defense Time % Phy DF OF
1 K'Andre Miller Alexander Romanov 50 1 2 2
2 Noah Dobson Owen Power 50 1 2 2
Penalty Kill - 3 Players Forward
Forward Time % Phy DF OF
1 Andrei Svechnikov 50 1 2 2
2 Andrei Kuzmenko 50 1 2 2
Penalty Kill - 3 Players Defense
Defense Defense Time % Phy DF OF
1 K'Andre Miller Alexander Romanov 50 1 2 2
2 Noah Dobson Owen Power 50 1 2 2
4 vs 4 Forward
Center Wing Time % Phy DF OF
1 Andrei Svechnikov Andrei Kuzmenko 50 1 2 2
2 Nicklas Backstrom Seth Jarvis 50 1 2 2
4 vs 4 Defense
Defense Defense Time % Phy DF OF
1 K'Andre Miller Alexander Romanov 50 1 2 2
2 Noah Dobson Owen Power 50 1 2 2
Last Minutes Offensive
Center Left Wing Right Wing Defense Defense
Nicklas Backstrom Andrei Svechnikov Andrei Kuzmenko K'Andre Miller Alexander Romanov
Last Minutes Defensive
Center Left Wing Right Wing Defense Defense
Nicklas Backstrom Andrei Svechnikov Andrei Kuzmenko K'Andre Miller Alexander Romanov
Goaltenders
Starting : John Gibson
Backup : Jonas Johansson
Extra Forwards
Normal : Marco Rossi, Alexander Radulov, Cole Perfetti - PP : Marco Rossi, Alexander Radulov - PK : Cole Perfetti
Extra Defensemen
Normal : Joshua Brown, Erik Brannstrom, Noah Dobson - PP : Joshua Brown - PK : Erik Brannstrom, Noah Dobson
Penalty Shots
Andrei Svechnikov, Andrei Kuzmenko, Nicklas Backstrom, Seth Jarvis, Alexander Radulov
San Jose Sharks
5 vs 5 Forward
Center Left Wing Right Wing Time % Phy DF OF
1 William Karlsson Valeri Nichushkin Dylan Strome 30 1 2 2
2 Adam Henrique Christian Dvorak Ivan Barbashev 30 1 2 2
3 Ryan Hartman Ilya Mikheyev Jack Roslovic 25 1 2 2
4 John Hayden Andreas Athanasiou Victor Olofsson 15 1 2 2
5 vs 5 Defense
Defense Defense Time % Phy DF OF
1 Derek Forbort Zachary Werenski 30 1 2 2
2 Christopher Tanev Connor Murphy 30 1 2 2
3 Anthony Deangelo Simon Nemec 25 1 2 2
4 Derek Forbort Zachary Werenski 15 1 2 2
PowerPlay Forward
Center Left Wing Right Wing Time % Phy DF OF
1 Adam Henrique Valeri Nichushkin Dylan Strome 50 1 2 2
2 William Karlsson Christian Dvorak Ivan Barbashev 50 1 2 2
PowerPlay Defense
Defense Defense Time % Phy DF OF
1 Derek Forbort Zachary Werenski 50 1 2 2
2 Christopher Tanev Connor Murphy 50 1 2 2
Penalty Kill 4 Players Forward
Center Wing Time % Phy DF OF
1 Valeri Nichushkin Adam Henrique 50 1 2 2
2 William Karlsson Dylan Strome 50 1 2 2
Penalty Kill 4 Players Defense
Defense Defense Time % Phy DF OF
1 Derek Forbort Zachary Werenski 50 1 2 2
2 Christopher Tanev Connor Murphy 50 1 2 2
Penalty Kill - 3 Players Forward
Forward Time % Phy DF OF
1 Valeri Nichushkin 50 1 2 2
2 Adam Henrique 50 1 2 2
Penalty Kill - 3 Players Defense
Defense Defense Time % Phy DF OF
1 Derek Forbort Zachary Werenski 50 1 2 2
2 Christopher Tanev Connor Murphy 50 1 2 2
4 vs 4 Forward
Center Wing Time % Phy DF OF
1 Valeri Nichushkin Adam Henrique 50 1 2 2
2 William Karlsson Dylan Strome 50 1 2 2
4 vs 4 Defense
Defense Defense Time % Phy DF OF
1 Derek Forbort Zachary Werenski 50 1 2 2
2 Christopher Tanev Connor Murphy 50 1 2 2
Last Minutes Offensive
Center Left Wing Right Wing Defense Defense
Adam Henrique Valeri Nichushkin Dylan Strome Derek Forbort Zachary Werenski
Last Minutes Defensive
Center Left Wing Right Wing Defense Defense
Adam Henrique Valeri Nichushkin Dylan Strome Derek Forbort Zachary Werenski
Goaltenders
Starting : Ilya Samsonov
Backup : Logan Thompson
Extra Forwards
Normal : Ryan Hartman, Jack Roslovic, Andreas Athanasiou - PP : Ryan Hartman, Jack Roslovic - PK : Andreas Athanasiou
Extra Defensemen
Normal : Anthony Deangelo, Simon Nemec, Christopher Tanev - PP : Anthony Deangelo - PK : Simon Nemec, Christopher Tanev
Penalty Shots
Valeri Nichushkin, Adam Henrique, William Karlsson, Dylan Strome, Christian Dvorak
% Time on Ice - Los Angeles Kings
Lines # - Real PCT - Wanted PCT - Time Play
Normal Forward
1 - 28% - 30% - 12:31
2 - 29% - 30% - 13:07
3 - 26% - 25% - 11:47
4 - 18% - 15% - 7:58
Normal Defense
1 - 36% - 35% - 16:33
2 - 35% - 35% - 15:54
3 - 28% - 30% - 12:56
4 - 0% - 0% - 0:00
PP Forward
1 - 37% - 50% - 0:52
2 - 63% - 50% - 1:27
PP Defense
1 - 59% - 50% - 1:22
2 - 41% - 50% - 0:57
PK Forward
1 - 54% - 50% - 5:47
2 - 46% - 50% - 4:52
PK Defense
1 - 47% - 50% - 4:59
2 - 53% - 50% - 5:40
PK3 Forward
1 - 0% - 50%
2 - 0% - 50%
PK3 Defense
1 - 0% - 50%
2 - 0% - 50%
44 Forward
1 - 55% - 50% - 0:54
2 - 45% - 50% - 0:45
44 Defense
1 - 64% - 50% - 1:03
2 - 36% - 50% - 0:36
Last Minute Offensive - 0:00
Last Minute Defensive - 0:00
Total
Forward - 60:00
Defense - 60:00
|
% Time on Ice - San Jose Sharks
Lines # - Real PCT - Wanted PCT - Time Play
Normal Forward
1 - 29% - 30% - 13:09
2 - 29% - 30% - 13:23
3 - 26% - 25% - 11:47
4 - 16% - 15% - 7:04
Normal Defense
1 - 31% - 30% - 14:10
2 - 31% - 30% - 14:08
3 - 25% - 25% - 11:18
4 - 13% - 15% - 5:47
PP Forward
1 - 49% - 50% - 5:12
2 - 51% - 50% - 5:27
PP Defense
1 - 48% - 50% - 5:09
2 - 52% - 50% - 5:30
PK Forward
1 - 61% - 50% - 1:25
2 - 39% - 50% - 0:54
PK Defense
1 - 50% - 50% - 1:10
2 - 50% - 50% - 1:09
PK3 Forward
1 - 0% - 50%
2 - 0% - 50%
PK3 Defense
1 - 0% - 50%
2 - 0% - 50%
44 Forward
1 - 53% - 50% - 0:52
2 - 47% - 50% - 0:47
44 Defense
1 - 38% - 50% - 0:38
2 - 62% - 50% - 1:01
Last Minute Offensive - 0:00
Last Minute Defensive - 0:00
Total
Forward - 60:00
Defense - 60:00
|
Play-by-Play
1st period
0:01 of 1st period - Nicklas Backstrom wins face-off versus William Karlsson in neutral zone.
0:03 of 1st period - Off-side.
0:04 of 1st period - William Karlsson wins face-off versus Nicklas Backstrom in neutral zone.
0:13 of 1st period - Slapshot by Valeri Nichushkin.
0:13 of 1st period - Stopped by John Gibson without a rebound.
0:14 of 1st period - Adam Henrique wins face-off versus Peyton Krebs in Los Angeles Kings zone.
1:09 of 1st period - Minor Penalty to Marco Rossi for Tripping.
1:10 of 1st period - Dylan Strome wins face-off versus Andrei Svechnikov in Los Angeles Kings zone.
1:12 of 1st period - Slapshot by Dylan Strome.
1:12 of 1st period - Shot Blocked by K'Andre Miller.
1:36 of 1st period - Slapshot by Ivan Barbashev.
1:36 of 1st period - Stopped by John Gibson with a rebound.
1:42 of 1st period - Wrist shot by Ivan Barbashev.
1:42 of 1st period - Stopped by John Gibson with a rebound.
1:44 of 1st period - Snap shot by Connor Murphy.
1:44 of 1st period - Stopped by John Gibson with a rebound.
1:46 of 1st period - Snap shot by William Karlsson.
1:46 of 1st period - Shot Misses the Net.
2:04 of 1st period - Wrist shot by Nicklas Backstrom.
2:04 of 1st period - Shot Misses the Net.
3:09 of 1st period - Penalty to Marco Rossi is over, Marco Rossi is back on ice.
3:26 of 1st period - Erik Brannstrom is hit by Ilya Mikheyev and loses puck.
4:13 of 1st period - Adam Henrique is hit by Cooper Marody and loses puck.
5:07 of 1st period - Connor Murphy is hit by K'Andre Miller and loses puck.
5:35 of 1st period - Wrist shot by Ilya Mikheyev.
5:35 of 1st period - Stopped by John Gibson with a rebound.
5:47 of 1st period - Andrei Svechnikov is hit by Derek Forbort and loses puck.
6:10 of 1st period - Adam Henrique is hit by Ryan Reaves and loses puck.
7:06 of 1st period - Snap shot by Andrei Svechnikov.
7:06 of 1st period - Stopped by Ilya Samsonov with a rebound.
7:13 of 1st period - Minor Penalty to Andrei Svechnikov for Hooking.
7:14 of 1st period - William Karlsson wins face-off versus Nicklas Backstrom in Los Angeles Kings zone.
7:24 of 1st period - Snap shot by William Karlsson.
7:24 of 1st period - Stopped by John Gibson with a rebound.
7:26 of 1st period - Wrist shot by William Karlsson.
7:26 of 1st period - Goal by William Karlsson - Los Angeles Kings : 0 - San Jose Sharks : 1.
7:27 of 1st period - William Karlsson wins face-off versus Andrei Svechnikov in neutral zone.
7:59 of 1st period - Wrist shot by Andrei Svechnikov.
7:59 of 1st period - Stopped by Ilya Samsonov without a rebound.
8:00 of 1st period - Ryan Hartman wins face-off versus Peyton Krebs in San Jose Sharks zone.
8:15 of 1st period - Snap shot by Peyton Krebs.
8:15 of 1st period - Stopped by Ilya Samsonov without a rebound.
8:16 of 1st period - Adam Henrique wins face-off versus Nicklas Backstrom in San Jose Sharks zone.
8:23 of 1st period - Snap shot by Christian Dvorak.
8:23 of 1st period - Shot Misses the Net.
8:25 of 1st period - Wrist shot by Adam Henrique.
8:25 of 1st period - Stopped by John Gibson with a rebound.
8:27 of 1st period - Snap shot by Ivan Barbashev.
8:27 of 1st period - Shot Misses the Net.
9:03 of 1st period - Snap shot by Seth Jarvis.
9:03 of 1st period - Shot Misses the Net.
9:05 of 1st period - Slapshot by Joshua Brown.
9:05 of 1st period - Stopped by Ilya Samsonov with a rebound.
9:41 of 1st period - Minor Penalty to Erik Brannstrom for Charging.
9:42 of 1st period - Adam Henrique wins face-off versus Andrei Svechnikov in Los Angeles Kings zone.
9:59 of 1st period - Snap shot by Seth Jarvis.
9:59 of 1st period - Shot Blocked by Adam Henrique.
10:22 of 1st period - Noah Dobson is hit by Derek Forbort and loses puck.
10:48 of 1st period - Seth Jarvis is hit by Christopher Tanev and loses puck.
11:41 of 1st period - Penalty to Erik Brannstrom is over, Erik Brannstrom is back on ice.
13:21 of 1st period - Backhand shot by Cole Perfetti.
13:21 of 1st period - Deflect By Vitali Kravtsov.
13:21 of 1st period - Stopped by Ilya Samsonov with a rebound.
14:09 of 1st period - Jack Roslovic is hit by Ryan Reaves and loses puck.
14:14 of 1st period - Wrist shot by Cooper Marody.
14:14 of 1st period - Shot Misses the Net.
14:26 of 1st period - Zachary Werenski is hit by Joshua Brown.
14:53 of 1st period - Peyton Krebs is hit by Anthony Deangelo and loses puck.
15:24 of 1st period - Snap shot by Jack Roslovic.
15:24 of 1st period - Shot Misses the Net.
15:58 of 1st period - Icing by Valeri Nichushkin.
15:59 of 1st period - William Karlsson wins face-off versus Andrei Kuzmenko in San Jose Sharks zone.
16:28 of 1st period - Snap shot by Ivan Barbashev.
16:28 of 1st period - Stopped by John Gibson without a rebound.
16:29 of 1st period - Adam Henrique wins face-off versus Peyton Krebs in Los Angeles Kings zone.
17:04 of 1st period - Snap shot by Adam Henrique.
17:04 of 1st period - Stopped by John Gibson with a rebound.
17:24 of 1st period - Snap shot by Andrei Svechnikov.
17:24 of 1st period - Deflect By Ivan Barbashev.
17:24 of 1st period - Shot Misses the Net.
17:24 of 1st period - Puck is out of play.
17:25 of 1st period - William Karlsson wins face-off versus Peyton Krebs in San Jose Sharks zone.
17:34 of 1st period - Snap shot by Valeri Nichushkin.
17:34 of 1st period - Stopped by John Gibson without a rebound.
17:35 of 1st period - William Karlsson wins face-off versus Peyton Krebs in Los Angeles Kings zone.
17:54 of 1st period - Wrist shot by Valeri Nichushkin.
17:54 of 1st period - Shot Misses the Net.
18:02 of 1st period - Snap shot by Seth Jarvis.
18:02 of 1st period - Shot Blocked by Valeri Nichushkin.
18:04 of 1st period - Wrist shot by Noah Dobson.
18:04 of 1st period - Stopped by Ilya Samsonov with a rebound.
18:06 of 1st period - Backhand shot by Noah Dobson.
18:06 of 1st period - Deflect By Zachary Werenski.
18:06 of 1st period - Stopped by Ilya Samsonov without a rebound.
18:07 of 1st period - Adam Henrique wins face-off versus Nicklas Backstrom in San Jose Sharks zone.
18:12 of 1st period - Slapshot by Christian Dvorak.
18:12 of 1st period - Shot Blocked by Andrei Svechnikov.
18:14 of 1st period - Slapshot by Connor Murphy.
18:14 of 1st period - Deflect By Ivan Barbashev.
18:14 of 1st period - Shot Misses the Net.
18:14 of 1st period - Puck is out of play.
18:15 of 1st period - Adam Henrique wins face-off versus Nicklas Backstrom in Los Angeles Kings zone.
18:50 of 1st period - Snap shot by Ivan Barbashev.
18:50 of 1st period - Stopped by John Gibson with a rebound.
18:52 of 1st period - Slapshot by Ivan Barbashev.
18:52 of 1st period - Stopped by John Gibson with a rebound.
18:54 of 1st period - Snap shot by Ivan Barbashev.
18:54 of 1st period - Shot Blocked by K'Andre Miller.
18:56 of 1st period - Slapshot by Adam Henrique.
18:56 of 1st period - Stopped by John Gibson with a rebound.
18:58 of 1st period - Wrist shot by Christian Dvorak.
18:58 of 1st period - Stopped by John Gibson without a rebound.
18:59 of 1st period - William Karlsson wins face-off versus Peyton Krebs in Los Angeles Kings zone.
19:06 of 1st period - Wrist shot by William Karlsson.
19:06 of 1st period - Shot Misses the Net.
19:24 of 1st period - William Karlsson is hit by Ryan Reaves and loses puck.
19:38 of 1st period - Off-side.
19:39 of 1st period - Peyton Krebs wins face-off versus Jack Roslovic in neutral zone.
Goals for this period are 0 for Los Angeles Kings vs 1 for San Jose Sharks.
Shots for this period are 7 for Los Angeles Kings vs 15 for San Jose Sharks.
2nd period
0:01 of 2nd period - Christian Dvorak wins face-off versus Vitali Kravtsov in neutral zone.
0:04 of 2nd period - Snap shot by Zachary Werenski.
0:04 of 2nd period - Stopped by John Gibson with a rebound.
0:57 of 2nd period - Wrist shot by Andrei Kuzmenko.
0:57 of 2nd period - Stopped by Ilya Samsonov without a rebound.
0:58 of 2nd period - Adam Henrique wins face-off versus Cole Perfetti in San Jose Sharks zone.
1:52 of 2nd period - Wrist shot by Andreas Athanasiou.
1:52 of 2nd period - Shot Misses the Net.
1:54 of 2nd period - Wrist shot by Andreas Athanasiou.
1:54 of 2nd period - Shot Blocked by Andrei Svechnikov.
2:18 of 2nd period - Slapshot by Noah Dobson.
2:18 of 2nd period - Stopped by Ilya Samsonov with a rebound.
2:26 of 2nd period - Marco Rossi is hit by Ilya Mikheyev and loses puck.
2:36 of 2nd period - Off-side.
2:37 of 2nd period - Adam Henrique wins face-off versus Peyton Krebs in neutral zone.
2:50 of 2nd period - Snap shot by Ivan Barbashev.
2:50 of 2nd period - Stopped by John Gibson with a rebound.
2:52 of 2nd period - Wrist shot by Christian Dvorak.
2:52 of 2nd period - Stopped by John Gibson without a rebound.
2:53 of 2nd period - William Karlsson wins face-off versus Cole Perfetti in Los Angeles Kings zone.
3:26 of 2nd period - Snap shot by Adam Henrique.
3:26 of 2nd period - Stopped by John Gibson without a rebound.
3:27 of 2nd period - Adam Henrique wins face-off versus Peyton Krebs in Los Angeles Kings zone.
3:28 of 2nd period - Wrist shot by Christian Dvorak.
3:28 of 2nd period - Stopped by John Gibson without a rebound.
3:29 of 2nd period - Peyton Krebs wins face-off versus Adam Henrique in Los Angeles Kings zone.
3:29 of 2nd period - Seth Jarvis is hit by Derek Forbort and loses puck.
3:36 of 2nd period - Wrist shot by Adam Henrique.
3:36 of 2nd period - Stopped by John Gibson with a rebound.
3:56 of 2nd period - Icing by Alexander Romanov.
3:57 of 2nd period - Ryan Hartman wins face-off versus Peyton Krebs in Los Angeles Kings zone.
4:05 of 2nd period - Slapshot by Seth Jarvis.
4:05 of 2nd period - Stopped by Ilya Samsonov without a rebound.
4:06 of 2nd period - Nicklas Backstrom wins face-off versus William Karlsson in San Jose Sharks zone.
4:31 of 2nd period - Snap shot by Cole Perfetti.
4:31 of 2nd period - Stopped by Ilya Samsonov without a rebound.
4:32 of 2nd period - Adam Henrique wins face-off versus Vitali Kravtsov in San Jose Sharks zone.
5:07 of 2nd period - Snap shot by Cole Perfetti.
5:07 of 2nd period - Shot Misses the Net.
5:09 of 2nd period - Snap shot by Cole Perfetti.
5:09 of 2nd period - Shot Misses the Net.
5:11 of 2nd period - Wrist shot by Cole Perfetti.
5:11 of 2nd period - Stopped by Ilya Samsonov without a rebound.
5:12 of 2nd period - William Karlsson wins face-off versus Nicklas Backstrom in San Jose Sharks zone.
5:12 of 2nd period - William Karlsson is hit by Andrei Svechnikov.
5:18 of 2nd period - William Karlsson is hit by Andrei Kuzmenko and loses puck.
5:56 of 2nd period - Wrist shot by Cooper Marody.
5:56 of 2nd period - Deflect By Ryan Reaves.
5:56 of 2nd period - Goal by Ryan Reaves - Los Angeles Kings : 1 - San Jose Sharks : 1.
5:57 of 2nd period - William Karlsson wins face-off versus Nicklas Backstrom in neutral zone.
6:22 of 2nd period - Connor Murphy is hit by Peyton Krebs and loses puck.
7:22 of 2nd period - Wrist shot by Alexander Radulov.
7:22 of 2nd period - Shot Blocked by Derek Forbort.
7:26 of 2nd period - Wrist shot by Cole Perfetti.
7:26 of 2nd period - Shot Hit the Post.
7:28 of 2nd period - Snap shot by Vitali Kravtsov.
7:28 of 2nd period - Shot Misses the Net.
7:52 of 2nd period - Wrist shot by Vitali Kravtsov.
7:52 of 2nd period - Stopped by Ilya Samsonov without a rebound.
7:53 of 2nd period - Nicklas Backstrom wins face-off versus Ryan Hartman in San Jose Sharks zone.
7:54 of 2nd period - Wrist shot by Andrei Svechnikov.
7:54 of 2nd period - Stopped by Ilya Samsonov with a rebound.
8:05 of 2nd period - Minor Penalty to Andrei Svechnikov for Hooking.
8:06 of 2nd period - Adam Henrique wins face-off versus Peyton Krebs in Los Angeles Kings zone.
8:32 of 2nd period - Peyton Krebs is hit by Christopher Tanev and loses puck.
10:05 of 2nd period - Penalty to Andrei Svechnikov is over, Andrei Svechnikov is back on ice.
10:31 of 2nd period - Icing by Jack Roslovic.
10:32 of 2nd period - Cole Perfetti wins face-off versus Ryan Hartman in San Jose Sharks zone.
10:42 of 2nd period - Off-side.
10:43 of 2nd period - Peyton Krebs wins face-off versus William Karlsson in neutral zone.
11:15 of 2nd period - Snap shot by Andrei Svechnikov.
11:15 of 2nd period - Stopped by Ilya Samsonov with a rebound.
11:58 of 2nd period - Jack Roslovic is hit by Joshua Brown and loses puck.
12:28 of 2nd period - Icing by Owen Power.
12:29 of 2nd period - Cooper Marody wins face-off versus Adam Henrique in Los Angeles Kings zone.
12:56 of 2nd period - Zachary Werenski is hit by Peyton Krebs and loses puck.
13:03 of 2nd period - Wrist shot by Seth Jarvis.
13:03 of 2nd period - Stopped by Ilya Samsonov with a rebound.
13:05 of 2nd period - Snap shot by Trent Frederic.
13:05 of 2nd period - Shot Misses the Net.
13:07 of 2nd period - Wrist shot by Seth Jarvis.
13:07 of 2nd period - Deflect By Trent Frederic.
13:07 of 2nd period - Stopped by Ilya Samsonov without a rebound.
13:08 of 2nd period - Adam Henrique wins face-off versus Cole Perfetti in San Jose Sharks zone.
13:14 of 2nd period - Snap shot by Adam Henrique.
13:14 of 2nd period - Shot Misses the Net.
13:21 of 2nd period - Snap shot by Adam Henrique.
13:21 of 2nd period - Shot Misses the Net.
13:54 of 2nd period - Snap shot by Valeri Nichushkin.
13:54 of 2nd period - Stopped by John Gibson without a rebound.
13:55 of 2nd period - Peyton Krebs wins face-off versus William Karlsson in Los Angeles Kings zone.
13:55 of 2nd period - Peyton Krebs is hit by Zachary Werenski.
14:07 of 2nd period - Slapshot by Valeri Nichushkin.
14:07 of 2nd period - Stopped by John Gibson with a rebound.
14:21 of 2nd period - William Karlsson is hit by K'Andre Miller and loses puck.
15:10 of 2nd period - Wrist shot by William Karlsson.
15:10 of 2nd period - Stopped by John Gibson with a rebound.
15:22 of 2nd period - Snap shot by Trent Frederic.
15:22 of 2nd period - Stopped by Ilya Samsonov with a rebound.
15:24 of 2nd period - Slapshot by Seth Jarvis.
15:24 of 2nd period - Goal by Seth Jarvis - Los Angeles Kings : 2 - San Jose Sharks : 1.
15:25 of 2nd period - Adam Henrique wins face-off versus Nicklas Backstrom in neutral zone.
15:44 of 2nd period - Connor Murphy is hit by Nicklas Backstrom and loses puck.
15:59 of 2nd period - Wrist shot by Ilya Mikheyev.
15:59 of 2nd period - Deflect By Jack Roslovic.
15:59 of 2nd period - Shot Blocked by Joshua Brown.
15:59 of 2nd period - Puck is out of play.
16:00 of 2nd period - Cole Perfetti wins face-off versus Ryan Hartman in Los Angeles Kings zone.
16:33 of 2nd period - Backhand shot by Ryan Hartman.
16:33 of 2nd period - Stopped by John Gibson without a rebound.
16:34 of 2nd period - Adam Henrique wins face-off versus Nicklas Backstrom in Los Angeles Kings zone.
16:41 of 2nd period - Snap shot by Zachary Werenski.
16:41 of 2nd period - Stopped by John Gibson without a rebound.
16:42 of 2nd period - Nicklas Backstrom wins face-off versus Adam Henrique in Los Angeles Kings zone.
16:49 of 2nd period - Wrist shot by Andrei Svechnikov.
16:49 of 2nd period - Shot Misses the Net.
16:58 of 2nd period - Slapshot by Derek Forbort.
16:58 of 2nd period - Deflect By Adam Henrique.
16:58 of 2nd period - Shot Misses the Net.
16:58 of 2nd period - Puck is out of play.
16:59 of 2nd period - Peyton Krebs wins face-off versus John Hayden in Los Angeles Kings zone.
17:04 of 2nd period - Slapshot by Noah Dobson.
17:04 of 2nd period - Stopped by Ilya Samsonov with a rebound.
17:06 of 2nd period - Snap shot by Peyton Krebs.
17:06 of 2nd period - Stopped by Ilya Samsonov with a rebound.
17:08 of 2nd period - Slapshot by Seth Jarvis.
17:08 of 2nd period - Shot Misses the Net.
17:10 of 2nd period - Snap shot by Seth Jarvis.
17:10 of 2nd period - Stopped by Ilya Samsonov without a rebound.
17:11 of 2nd period - Nicklas Backstrom wins face-off versus Adam Henrique in San Jose Sharks zone.
17:57 of 2nd period - Off-side.
17:58 of 2nd period - Marco Rossi wins face-off versus Ryan Hartman in neutral zone.
18:39 of 2nd period - Double Minor Penalty to Andrei Svechnikov for Roughing.
18:40 of 2nd period - Nicklas Backstrom wins face-off versus Adam Henrique in Los Angeles Kings zone.
19:07 of 2nd period - Ivan Barbashev is hit by Andrei Kuzmenko and loses puck.
19:40 of 2nd period - Andrei Kuzmenko is hit by Derek Forbort and loses puck.
Goals for this period are 2 for Los Angeles Kings vs 0 for San Jose Sharks.
Shots for this period are 16 for Los Angeles Kings vs 11 for San Jose Sharks.
3rd period
0:01 of 3rd period - Adam Henrique wins face-off versus Seth Jarvis in neutral zone.
1:29 of 3rd period - Icing by Adam Henrique.
1:30 of 3rd period - Nicklas Backstrom wins face-off versus William Karlsson in San Jose Sharks zone.
2:39 of 3rd period - Penalty to Andrei Svechnikov is over, Andrei Svechnikov is back on ice.
2:54 of 3rd period - Wrist shot by Ilya Mikheyev.
2:54 of 3rd period - Shot Blocked by Andrei Kuzmenko.
2:56 of 3rd period - Snap shot by Ryan Hartman.
2:56 of 3rd period - Stopped by John Gibson with a rebound.
3:10 of 3rd period - Off-side.
3:11 of 3rd period - John Hayden wins face-off versus Cooper Marody in neutral zone.
3:16 of 3rd period - Wrist shot by Andreas Athanasiou.
3:16 of 3rd period - Shot Misses the Net.
3:18 of 3rd period - Snap shot by Connor Murphy.
3:18 of 3rd period - Stopped by John Gibson with a rebound.
3:20 of 3rd period - Slapshot by Christopher Tanev.
3:20 of 3rd period - Shot Blocked by Erik Brannstrom.
3:22 of 3rd period - Wrist shot by Connor Murphy.
3:22 of 3rd period - Shot Blocked by Joshua Brown.
3:24 of 3rd period - Wrist shot by Connor Murphy.
3:24 of 3rd period - Stopped by John Gibson without a rebound.
3:25 of 3rd period - Adam Henrique wins face-off versus Cole Perfetti in Los Angeles Kings zone.
3:26 of 3rd period - Snap shot by Christian Dvorak.
3:26 of 3rd period - Shot Blocked by Alexander Romanov.
3:28 of 3rd period - Backhand shot by Derek Forbort.
3:28 of 3rd period - Shot Blocked by Vitali Kravtsov.
3:30 of 3rd period - Snap shot by Adam Henrique.
3:30 of 3rd period - Deflect By Christian Dvorak.
3:30 of 3rd period - Shot Blocked by Alexander Romanov.
3:30 of 3rd period - Puck is out of play.
3:31 of 3rd period - Adam Henrique wins face-off versus Cole Perfetti in Los Angeles Kings zone.
3:32 of 3rd period - Slapshot by Zachary Werenski.
3:32 of 3rd period - Stopped by John Gibson with a rebound.
3:34 of 3rd period - Slapshot by Derek Forbort.
3:34 of 3rd period - Deflect By Christian Dvorak.
3:34 of 3rd period - Shot Misses the Net.
3:34 of 3rd period - Puck is out of play.
3:35 of 3rd period - Cole Perfetti wins face-off versus Ivan Barbashev in Los Angeles Kings zone.
3:56 of 3rd period - Snap shot by Ivan Barbashev.
3:56 of 3rd period - Shot Misses the Net.
4:22 of 3rd period - Snap shot by Adam Henrique.
4:22 of 3rd period - Shot Blocked by K'Andre Miller.
4:24 of 3rd period - Slapshot by Derek Forbort.
4:24 of 3rd period - Shot Misses the Net.
4:33 of 3rd period - Wrist shot by Christian Dvorak.
4:33 of 3rd period - Shot Blocked by Alexander Radulov.
4:35 of 3rd period - Slapshot by Derek Forbort.
4:35 of 3rd period - Shot Blocked by K'Andre Miller.
4:37 of 3rd period - Slapshot by Derek Forbort.
4:37 of 3rd period - Stopped by John Gibson with a rebound.
4:45 of 3rd period - Wrist shot by Zachary Werenski.
4:45 of 3rd period - Stopped by John Gibson with a rebound.
4:47 of 3rd period - Snap shot by Adam Henrique.
4:47 of 3rd period - Deflect By Ivan Barbashev.
4:47 of 3rd period - Stopped by John Gibson without a rebound.
4:48 of 3rd period - William Karlsson wins face-off versus Peyton Krebs in Los Angeles Kings zone.
4:59 of 3rd period - Slapshot by Seth Jarvis.
4:59 of 3rd period - Shot Blocked by William Karlsson.
5:01 of 3rd period - Slapshot by Owen Power.
5:01 of 3rd period - Shot Blocked by Christopher Tanev.
5:03 of 3rd period - Snap shot by Trent Frederic.
5:03 of 3rd period - Shot Misses the Net.
5:54 of 3rd period - Minor Penalty to Ryan Reaves for Holding.
5:55 of 3rd period - Adam Henrique wins face-off versus Seth Jarvis in Los Angeles Kings zone.
6:00 of 3rd period - Snap shot by Valeri Nichushkin.
6:00 of 3rd period - Stopped by John Gibson with a rebound.
6:02 of 3rd period - Wrist shot by Christopher Tanev.
6:02 of 3rd period - Shot Misses the Net.
6:04 of 3rd period - Snap shot by Valeri Nichushkin.
6:04 of 3rd period - Goal by Valeri Nichushkin - Los Angeles Kings : 2 - San Jose Sharks : 2.
6:05 of 3rd period - Peyton Krebs wins face-off versus William Karlsson in neutral zone.
6:12 of 3rd period - Snap shot by Peyton Krebs.
6:12 of 3rd period - Shot Misses the Net.
6:34 of 3rd period - Snap shot by Nicklas Backstrom.
6:34 of 3rd period - Goal by Nicklas Backstrom - Los Angeles Kings : 3 - San Jose Sharks : 2.
6:35 of 3rd period - William Karlsson wins face-off versus Peyton Krebs in neutral zone.
6:42 of 3rd period - Wrist shot by Valeri Nichushkin.
6:42 of 3rd period - Stopped by John Gibson without a rebound.
6:43 of 3rd period - Peyton Krebs wins face-off versus William Karlsson in Los Angeles Kings zone.
6:50 of 3rd period - Snap shot by Dylan Strome.
6:50 of 3rd period - Stopped by John Gibson with a rebound.
6:52 of 3rd period - Slapshot by Derek Forbort.
6:52 of 3rd period - Stopped by John Gibson with a rebound.
6:54 of 3rd period - Snap shot by Zachary Werenski.
6:54 of 3rd period - Shot Misses the Net.
6:56 of 3rd period - Wrist shot by Dylan Strome.
6:56 of 3rd period - Shot Misses the Net.
7:02 of 3rd period - Wrist shot by Valeri Nichushkin.
7:02 of 3rd period - Stopped by John Gibson with a rebound.
7:04 of 3rd period - Slapshot by Derek Forbort.
7:04 of 3rd period - Stopped by John Gibson without a rebound.
7:05 of 3rd period - Nicklas Backstrom wins face-off versus Ryan Hartman in Los Angeles Kings zone.
7:16 of 3rd period - Ilya Mikheyev is hit by Nicklas Backstrom and loses puck.
7:59 of 3rd period - Slapshot by Peyton Krebs.
7:59 of 3rd period - Shot Blocked by Valeri Nichushkin.
8:18 of 3rd period - Slapshot by Andreas Athanasiou.
8:18 of 3rd period - Shot Misses the Net.
8:20 of 3rd period - Slapshot by Simon Nemec.
8:20 of 3rd period - Shot Misses the Net.
9:50 of 3rd period - Minor Penalty to Alexander Romanov for Elbowing.
9:51 of 3rd period - Christian Dvorak wins face-off versus Seth Jarvis in Los Angeles Kings zone.
10:10 of 3rd period - Minor Penalty to Ivan Barbashev for Cross-checking.
10:11 of 3rd period - Valeri Nichushkin wins face-off versus Andrei Svechnikov in San Jose Sharks zone.
11:50 of 3rd period - Penalty to Alexander Romanov is over, Alexander Romanov is back on ice.
12:10 of 3rd period - Penalty to Ivan Barbashev is over, Ivan Barbashev is back on ice.
12:55 of 3rd period - Cole Perfetti is hit by John Hayden and loses puck.
13:18 of 3rd period - Andrei Kuzmenko is hit by Derek Forbort and loses puck.
14:07 of 3rd period - Connor Murphy is hit by Andrei Svechnikov and loses puck.
14:23 of 3rd period - Slapshot by Ryan Hartman.
14:23 of 3rd period - Goal by Ryan Hartman - Los Angeles Kings : 3 - San Jose Sharks : 3.
14:24 of 3rd period - William Karlsson wins face-off versus Andrei Kuzmenko in neutral zone.
15:13 of 3rd period - Snap shot by Seth Jarvis.
15:13 of 3rd period - Goal by Seth Jarvis - Los Angeles Kings : 4 - San Jose Sharks : 3.
15:14 of 3rd period - Cole Perfetti wins face-off versus Ryan Hartman in neutral zone.
15:23 of 3rd period - Wrist shot by Alexander Radulov.
15:23 of 3rd period - Shot Blocked by Ilya Mikheyev.
15:25 of 3rd period - Slapshot by Vitali Kravtsov.
15:25 of 3rd period - Shot Blocked by Jack Roslovic.
15:39 of 3rd period - Ryan Reaves is hit by Victor Olofsson and loses puck.
15:44 of 3rd period - Wrist shot by Victor Olofsson.
15:44 of 3rd period - Stopped by John Gibson without a rebound.
15:45 of 3rd period - Cooper Marody wins face-off versus John Hayden in Los Angeles Kings zone.
16:00 of 3rd period - Slapshot by Anthony Deangelo.
16:00 of 3rd period - Stopped by John Gibson without a rebound.
16:01 of 3rd period - Cole Perfetti wins face-off versus Ilya Mikheyev in Los Angeles Kings zone.
16:32 of 3rd period - Cooper Marody is hit by John Hayden and loses puck.
17:11 of 3rd period - K'Andre Miller is hit by Christopher Tanev and loses puck.
17:15 of 3rd period - Icing by Trent Frederic.
17:16 of 3rd period - Peyton Krebs wins face-off versus Ryan Hartman in Los Angeles Kings zone.
17:35 of 3rd period - Snap shot by Peyton Krebs.
17:35 of 3rd period - Shot Misses the Net.
17:37 of 3rd period - Slapshot by Peyton Krebs.
17:37 of 3rd period - Shot Hit the Post.
17:39 of 3rd period - Wrist shot by Seth Jarvis.
17:39 of 3rd period - Stopped by Ilya Samsonov without a rebound.
17:40 of 3rd period - John Hayden wins face-off versus Cole Perfetti in San Jose Sharks zone.
17:53 of 3rd period - Minor Penalty to John Hayden for Roughing.
17:54 of 3rd period - Valeri Nichushkin wins face-off versus Nicklas Backstrom in San Jose Sharks zone.
18:02 of 3rd period - Snap shot by Andrei Svechnikov.
18:02 of 3rd period - Shot Misses the Net.
18:04 of 3rd period - Snap shot by Alexander Romanov.
18:04 of 3rd period - Stopped by Ilya Samsonov without a rebound.
18:05 of 3rd period - Nicklas Backstrom wins face-off versus William Karlsson in San Jose Sharks zone.
18:06 of 3rd period - Wrist shot by Andrei Svechnikov.
18:06 of 3rd period - Stopped by Ilya Samsonov without a rebound.
18:07 of 3rd period - Nicklas Backstrom wins face-off versus William Karlsson in San Jose Sharks zone.
18:08 of 3rd period - Slapshot by Andrei Svechnikov.
18:08 of 3rd period - Shot Misses the Net.
18:10 of 3rd period - Snap shot by Nicklas Backstrom.
18:10 of 3rd period - Stopped by Ilya Samsonov with a rebound.
18:12 of 3rd period - Wrist shot by Andrei Kuzmenko.
18:12 of 3rd period - Stopped by Ilya Samsonov without a rebound.
18:13 of 3rd period - Nicklas Backstrom wins face-off versus William Karlsson in San Jose Sharks zone.
18:14 of 3rd period - Wrist shot by Andrei Svechnikov.
18:14 of 3rd period - Shot Blocked by Connor Murphy.
18:16 of 3rd period - Snap shot by Nicklas Backstrom.
18:16 of 3rd period - Shot Misses the Net.
18:18 of 3rd period - Wrist shot by Nicklas Backstrom.
18:18 of 3rd period - Shot Misses the Net.
18:20 of 3rd period - Wrist shot by Nicklas Backstrom.
18:20 of 3rd period - Stopped by Ilya Samsonov without a rebound.
18:21 of 3rd period - Peyton Krebs wins face-off versus Valeri Nichushkin in San Jose Sharks zone.
18:22 of 3rd period - Snap shot by Seth Jarvis.
18:22 of 3rd period - Deflect By Zachary Werenski.
18:22 of 3rd period - Shot Misses the Net.
18:22 of 3rd period - Puck is out of play.
18:23 of 3rd period - Valeri Nichushkin wins face-off versus Trent Frederic in San Jose Sharks zone.
18:41 of 3rd period - Peyton Krebs is hit by Valeri Nichushkin and loses puck.
18:54 of 3rd period - Snap shot by Trent Frederic.
18:54 of 3rd period - Stopped by Ilya Samsonov with a rebound.
18:56 of 3rd period - Wrist shot by K'Andre Miller.
18:56 of 3rd period - Deflect By Valeri Nichushkin.
18:56 of 3rd period - Stopped by Ilya Samsonov without a rebound.
18:57 of 3rd period - Jeff Blashill call a timeout for San Jose Sharks.
18:57 of 3rd period - William Karlsson wins face-off versus Andrei Kuzmenko in San Jose Sharks zone.
18:57 of 3rd period - William Karlsson is hit by Andrei Kuzmenko.
19:09 of 3rd period - Snap shot by Adam Henrique.
19:09 of 3rd period - Shot Blocked by Noah Dobson.
19:27 of 3rd period - Slapshot by Noah Dobson.
19:27 of 3rd period - Deflect By Peyton Krebs.
19:27 of 3rd period - Shot Blocked by Dylan Strome.
19:27 of 3rd period - Puck is out of play.
19:28 of 3rd period - William Karlsson wins face-off versus Peyton Krebs in San Jose Sharks zone.
19:28 of 3rd period - William Karlsson is hit by Alexander Romanov.
19:53 of 3rd period - Penalty to John Hayden is over, John Hayden is back on ice.
19:54 of 3rd period - Adam Henrique is hit by Nicklas Backstrom and loses puck.
Goals for this period are 2 for Los Angeles Kings vs 2 for San Jose Sharks.
Shots for this period are 10 for Los Angeles Kings vs 17 for San Jose Sharks.
Back to the Top